 Dungeon Crawl Stone Soup version 0.21-a0-460-g737a915 (webtiles) character file.

70 slep the Slasher (level 4, -1/24 HPs)
             Began as a Vine Stalker Monk on Nov 21, 2017.
             Killed from afar by Sigmund (6 damage)
             ... with a magic dart
             ... on level 2 of the Dungeon.
             The game lasted 00:04:33 (1662 turns).

slep the Slasher (Vine Stalker Monk)                Turns: 1662, Time: 00:04:34

Health: -1/24      AC:  4    Str: 14    XL:     4   Next: 22%
Magic:  0/5        EV: 12    Int: 10    God:
Gold:   162        SH:  6    Dex: 15    Spells: 3/3 levels left

rFire    . . .     SeeInvis .   a - +0 falchion
rCold    + . .     Gourm    .   g - +2 buckler {rN+}
rNeg     + . .     Faith    .   e - +0 leather armour
rPois    .         Spirit   +   (no helmet)
rElec    .         Reflect  .   (no cloak)
rCorr    .         Harm     .   k - +0 pair of gloves
MR       .....                  (no boots)
Stlth    ++........             f - amulet of rage
HPRegen  0.48/turn              (no ring)
MPRegen  0.09/turn              (no ring)

@: no status effects
A: fangs 2, clumsy 1, cold resistance 1, regeneration 1, evolution 1, magic
shield, antimagic bite, no potion heal 3, rot immunity
a: Evoke Berserk Rage


You were on level 2 of the Dungeon.
You were very hungry.

You visited 1 branch of the dungeon, and saw 2 of its levels.

You collected 162 gold pieces.

Inventory:

Hand Weapons
 a - a +0 falchion (weapon)
Missiles
 j - a throwing net (quivered)
Armour
 b - a +0 robe
 e - a +0 leather armour (worn)
 g - a +2 buckler of positive energy (worn)
 k - a +0 pair of gloves (worn)
Jewellery
 f - an amulet of rage (around neck)
Scrolls
 d - a scroll of teleportation {unknown}
 h - a scroll of remove curse {unknown}
 l - a scroll of fog {unknown}
Comestibles
 c - 3 bread rations


   Skills:
 + Level 3.1 Fighting
 + Level 3.2 Long Blades
 + Level 0.7 Armour
 + Level 3.1 Dodging
 + Level 2.7 Stealth
 + Level 0.4 Shields


You had 3 spell levels left.
You didn't know any spells.

Dungeon Overview and Level Annotations

Branches:
Dungeon (2/15)

Altars:

Annotations:
D:2 Sigmund


Innate Abilities, Weirdness & Mutations

You have extremely sharp teeth.
Your natural rate of healing is unusually fast.
When hurt, damage is shared between your health and your magic reserves.
Your bite disrupts and absorbs the magic of your enemies.
Potions cannot restore your health.
You are immune to rotting.
You are clumsy. (Dex -2)
Your flesh is cold resistant. (rC+)
You evolve.


Message History

Natasha claws you.
You hit Natasha. Your bite misses Natasha.
Natasha is almost dead.
Natasha claws you!
* * * LOW HITPOINT WARNING * * *
Natasha casts a spell.
You hit Natasha.
You kill Natasha!
Suddenly Natasha's spirit rises from her lifeless body.
The crimson imp disappears in a puff of smoke!
The shadow imp disappears in a puff of smoke!
You have reached level 4!
You feel stronger.
You begin to heal more quickly.
The frilled lizard bites you but does no damage.
You hit the frilled lizard.
You kill the frilled lizard!
A magic dart appears from out of thin air!
The magic dart hits you!
You die...

#........>..#
#...........#
#........)..#
##...........#
###..........###
##......).....#
#.............###
##..#.........§.#
###...........##@#
.
##......#####<.#†#
... ##.....##
####.#.##.....
#...##.#
#....§........
....##.#
#....###.......
#.#.##>. ....
..l....
..#.#####...
.#.....
...........
.....l.
........... ..
....


There were no monsters in sight!

Vanquished Creatures
  Natasha (D:2)
  An adder (D:2)
  A dart slug (D:1)
  2 leopard geckos
  A goblin (D:1)
  3 hobgoblins (D:1)
  9 jackals
  3 bats
  2 frilled lizards (D:2)
  5 kobolds
  6 rats
  A fungus (D:1)
35 creatures vanquished.

Notes
Turn   | Place    | Note
-------+----------+-------------------------------------------
     0 | D:1      | slep the Vine Stalker Monk began the quest for the Orb.
     0 | D:1      | Reached XP level 1. HP: 11/11 MP: 2/2
    69 | D:1      | Reached XP level 2. HP: 8/16 MP: 3/3
  1018 | D:1      | Reached XP level 3. HP: 14/20 MP: 2/4
  1327 | D:2      | Gained mutation: You evolve. [potion of mutation]
  1327 | D:2      | Gained mutation: You are clumsy. (Dex -2) [potion of mutation]
  1327 | D:2      | Gained mutation: Your flesh is cold resistant. (rC+) [potion of mutation]
  1384 | D:2      | Noticed Sigmund
  1638 | D:2      | Noticed Natasha
  1661 | D:2      | Killed Natasha
  1661 | D:2      | Gained mutation: Your natural rate of healing is unusually fast. [Vine Stalker growth]
  1661 | D:2      | Reached XP level 4. HP: 4/24 MP: 1/5
  1662 | D:2      | Killed from afar by Sigmund

Vault maps used:
D:1:      dpeg_arrival_chase, minmay_gold_behind_fungi
D:2:      led_sif_pool, uniq_natasha, uniq_sigmund

Skill      XL: |  1  2  3 |
---------------+----------+-----
Fighting       | 3 |  3.1
Long Blades    | 3 |  3.2
Dodging        | 3 |  3.1
Armour         | |  0.7
Stealth        | |  2.7
Shields        | |  0.4

Action                   |  1- 3 |  4- 6 || total
-------------------------+-------+-------++-------
Melee: Falchion          |   108 |     1 ||   109
       Bite              |    36 |       ||    36
  Use: Potion            |     4 |       ||     4
 Stab: Sleeping          |     3 |       ||     3
  Eat: Chunk             |     1 |       ||     1
Armor: Robe              |     1 |       ||     1
       Leather armour    |    32 |     1 ||    33
Dodge: Dodged            |    75 |       ||    75
Block: Buckler           |    27 |       ||    27
       Rpst.: Falchion   |    22 |       ||    22

Table legend:
 A = Spawn XP
 B = Non-spawn XP
 C = Spawn XP percentage of total XP
 D = Spawn monster count
 E = Non-spawn monster count
 F = Spawn count percentage of total count
 G = Total turns spent on level
                    A         B        C        D         E        F      G
               +---------+---------+-------+---------+---------+-------+---------
         Total |       0 |     101 |   0.0 |       0 |      34 |   0.0 |  1662
               +---------+---------+-------+---------+---------+-------+---------
           D:1 |       0 |      39 |   0.0 |       0 |      23 |   0.0 |  1222
           D:2 |       0 |      62 |   0.0 |       0 |      11 |   0.0 |   440
               +---------+---------+-------+---------+---------+-------+---------
